 Dungeon Crawl Stone Soup version 0.13-a0-2725-gfd4ef73 (console) character file.

199 Illaniel the Charmwright (level 4, -1/29 HPs)
             Began as a High Elf Skald on Aug 19, 2013.
             Slain by a gnoll
             ... wielding a +0,+0 flail
              (5 damage)
             ... on Level 2 of the Dungeon.
             The game lasted 00:07:41 (2286 turns).

Illaniel the Charmwright (High Elf Skald)           Turns: 2286, Time: 00:07:41

HP  -1/29        AC  7     Str 11      XL: 4   Next: 36%
MP   2/11        EV  9     Int 16      God:
Gold 106         SH  0     Dex 15      Spells:  4 memorised,  0 levels left

Res.Fire  : . . .   See Invis. : .   m - +2,+1 dagger (venom)
Res.Cold  : . . .   Warding    : .   n - +0 elf ring mail
Life Prot.: . . .   Conserve   : .   (no shield)
Res.Poison: .       Res.Corr.  : .   (no helmet)
Res.Elec. : .       Clarity    : .   p - +0 cloak
Sust.Abil.: . .     Spirit.Shd : .   (no gloves)
Res.Mut.  : .       Stasis     : .   u - +0 pair of elf boots
Res.Rott. : .       Flight     : .   (no amulet)
Saprovore : . . .                    (no ring)
                                     (no ring)

@: slightly resistant to hostile enchantments, unstealthy
A: no striking features
a: Stop Singing


You were on level 2 of the Dungeon.
You were not hungry.

You visited 1 branch of the dungeon, and saw 2 of its levels.

You collected 86 gold pieces.

Inventory:

Hand weapons
 a - a +0,+0 elven short sword
 m - a +2,+1 dagger of venom (weapon)
 s - a +2,+2 sling of flame
Missiles
 r - 25 stones (quivered)
 v - 17 poisoned needles
Armour
 b - a +0 elven leather armour
 n - a +0 elven ring mail (worn)
 p - a +0 cloak (worn)
 u - a +0 pair of elven boots (worn)
Comestibles
 d - a bread ration
 i - a meat ration
Scrolls
 e - 3 scrolls of random uselessness {unknown}
 f - 3 scrolls of identify {unknown}
 g - 2 scrolls of curse armour {unknown}
 h - a scroll of noise {unknown}
 j - 3 scrolls of amnesia {unknown}
 l - 3 scrolls of remove curse {unknown}
 t - a scroll of curse jewellery {unknown}
Potions
 k - a potion of curing {unknown}
 o - a potion of brilliance {unknown}
Books
 c - a book of Battle

   Spells                             Type                      Level
   *Infusion                          Charms                       1
   *Shroud of Golubria                Charms/Translocation         2
   *Song of Slaying                   Charms                       2
   *Spectral Weapon                   Hexes/Charms                 3
   Regeneration                       Charms/Necromancy            3
   Song of Shielding                  Charms                       4
 q - a book of Summonings

   Spells                             Type                      Level
   Abjuration                         Summoning                    3
   Recall                             Summoning/Translocation      3
   Summon Elemental                   Summoning                    4
   Shadow Creatures                   Summoning                    5
   Summon Demon                       Summoning                    5
   Summon Ugly Thing                  Summoning                    6


   Skills:
 + Level 2.9 Fighting
 - Level 2.4 Short Blades
 + Level 2.0 Armour
 + Level 1.9 Dodging
 + Level 2.8 Spellcasting
 + Level 4.3 Charms


You couldn't memorise any spells.
You knew the following spells:

 Your Spells              Type           Power        Failure   Level  Hunger
a - Infusion              Chrm           ###...       3%          1    #......
b - Song of Slaying       Chrm           ###.......   6%          2    ##.....
c - Spectral Weapon       Hex/Chrm       #.......     28%         3    ###....
h - Shroud of Golubria    Chrm/Tloc      #.........   14%         2    ##.....


Dungeon Overview and Level Annotations

Branches:
Dungeon (2/27)

Altars:


Message History

You kill the gnoll!
You see here a flail.
You see here a rat corpse.
You start butchering the rat corpse with your dagger.
You continue butchering the corpse.
You stop butchering the corpse.
You are feeling less magically infused.
Things that are here:
a flail of pain; a runed spear; a gnoll corpse; a gnoll corpse Your song is almost over.
You see here a club.
You swap places.
Things that are here:
a flail of pain; a runed spear; a gnoll corpse; a gnoll corpse Your magical contamination has completely faded away.
The gnoll hits you with a flail!
* * * LOW HITPOINT WARNING * * *
You see here a rat corpse.
The gnoll hits you with a flail.
You die...

∙∙∙∙∙∙▒▒▒▒∙∙∙∙∙∙∙∙∙∙∙∙∙ ▒▒▒∙▒▒▒
∙∙∙∙∙)∙∙∙∙∙▒∙▒∙∙∙∙∙∙∙∙∙∙ ▒∙▒
∙∙∙∙∙∙▒▒▒∙∙▒∙▒∙▒∙∙∙∙∙∙r∙ ▒▒▒▒∙▒▒▒
∙∙∙▒▒▒▒ ▒∙∙▒∙∙∙▒∙∙∙∙∙∙∙∙ ▒∙∙∙∙∙∙▒
∙∙∙▒ ▒∙∙∙∙∙∙∙∙∙∙(∙∙∙∙▒▒∙▒▒∙▒∙▒
∙∙∙▒ ▒∙∙∙∙∙∙∙∙▒▒ ▒∙▒▒∙▒∙▒ ∙∙∙▒
▒▒∙▒∙▒∙∙▒∙▒ ▒∙▒∙∙▒∙▒ ∙∙[▒
▒∙∙∙∙∙∙∙∙∙▒ ▒∙▒∙▒▒∙▒ ∙▒▒▒
▒▒∙∙∙▒∙▒∙∙▒ ▒∙▒∙▒▒∙▒ ∙▒
▒▒∙∙▒∙▒∙g▒▒▒▒▒ ▒∙∙∙∙∙∙▒
∙▒▒▒▒▒▒▒▒▒∙∙∙∙∙∙@(∙)∙▒▒▒▒▒▒▒∙▒▒▒▒
∙∙∙∙∙∙[∙∙∙∙▒▒▒▒∙▒▒▒▒)∙∙∙∙∙∙∙∙▒
)▒▒∙▒▒▒▒∙∙∙∙∙∙∙∙▒ ▒▒▒▒▒▒▒▒▒▒▒
∙▒▒∙▒▒▒▒∙∙▒▒▒▒▒▒▒ ∙▒▒∙▒▒∙∙∙∙▒
∙▒▒∙▒▒∙▒▒∙▒ ∙▒▒∙▒▒∙▒▒∙▒
∙▒▒∙∙∙∙∙>∙▒▒▒▒▒ ∙▒▒▒▒▒∙∙∙∙∙∙∙∙▒
∙∙∙▒ ▒∙∙▒▒▒▒▒∙▒ ∙∙∙▒ ▒∙∙∙∙∙▒▒∙▒


You could see a gnoll and a friendly spectral dagger of venom.

Vanquished Creatures
  5 gnolls (D:2)
  A worm (D:2)
  A giant gecko (D:1)
  An ooze (D:2)
  6 bats
  3 hobgoblins
  6 kobolds (D:1)
  A quokka (D:2)
  3 giant newts
  7 goblins
  5 rats
39 creatures vanquished.

Notes
Turn   | Place    | Note
--------------------------------------------------------------
     0 | D:1      | Illaniel, the High Elf Skald, began the quest for the Orb.
     0 | D:1      | Reached XP level 1. HP: 13/13 MP: 4/4
    38 | D:1      | Reached skill level 1 in Armour
   372 | D:1      | Reached XP level 2. HP: 15/18 MP: 1/6
   384 | D:1      | Learned a level 2 spell: Shroud of Golubria
  1429 | D:2      | Reached skill level 4 in Charms
  1429 | D:2      | Reached XP level 3. HP: 23/23 MP: 1/9
  1440 | D:2      | Learned a level 3 spell: Spectral Weapon
  2155 | D:2      | Reached XP level 4. HP: 26/29 MP: 1/11
  2165 | D:2      | Learned a level 2 spell: Song of Slaying
  2286 | D:2      | Slain by a gnoll

Action                   |  1- 3 |  4- 6 || total
-------------------------+-------+-------++-------
Melee: Short sword       |    64 |       ||    64
       Dagger            |    63 |    14 ||    77
 Cast: Infusion          |    14 |     1 ||    15
       Shroud of Golubri |     9 |     1 ||    10
       Spectral Weapon   |     3 |     1 ||     4
       Song of Slaying   |       |     1 ||     1
